 Dungeon Crawl Stone Soup version 0.32-a0-931-g5a2cda0630 (webtiles) character file.

Game seed: 6448809833803676483

27874 bananaken the Grappler (level 13, 0/195 HPs)
             Began as a Troll Monk on Apr 14, 2024.
             Was the Champion of Wu Jian.
             Slain by a large slime creature (19 damage)
             ... in an ice cave.
             The game lasted 00:32:42 (11761 turns).

bananaken the Grappler (Troll Monk)                Turns: 11761, Time: 00:32:43

Health: 0/195      AC: 26    Str: 26    XL:     13   Next: 6%
Magic:  12/12      EV:  1    Int:  6    God:    Wu Jian [******]
Gold:   820        SH:  0    Dex: 12    Spells: 7/12 levels left

rFire   . .          .
                       - Unarmed
rCold   . . .        c - orb {light}
rNeg    . . .        K - melded +0 troll leather armour
rPois   +            (helmet currently unavailable)
rElec   .            J - melded +1 cloak of Weirdness {rC+ Dex+2 Stlth+}
rCorr   .            (gloves unavailable)
SInv    .            (boots unavailable)
Will    .....        l - amulet of faith
Stlth   +            z - ring of poison resistance
HPRegen 1.32/turn    (no ring)
MPRegen 0.13/turn

%: faith
@: exhausted, tree-form, glowing
A: stationary, stasis, torment immunity, boosted hp, large, unfitting armour,
(claws 3), regeneration 1, (shaggy fur 1), (tough skin 1)
a: Renounce Religion, Wall Jump, Serpent's Lash, Heavenly Storm


You were in an ice cave.
You worshipped Wu Jian.
Wu Jian was exalted by your worship.
You were a tree.
You visited 3 branches of the dungeon, and saw 14 of its levels.
You also visited: Sewer and Ice Cave.

You collected 2118 gold pieces.
You spent 1298 gold pieces at shops.

Inventory:

Missiles
 C - 2 curare-tipped darts (quivered)
Armour
 a - the +1 robe "Tuemyqai" {+Inv rElec rC- rN+}
   (You found it on level 3 of the Lair of Beasts)

   rC-:       It makes you vulnerable to cold.
   rElec:     It insulates you from electricity.
   rN+:       It protects you from negative energy.
   +Inv:      It lets you turn invisible.
 c - an orb of light (worn)
 J - the +1 cloak of Weirdness (melded) {rC+ Dex+2 Stlth+}
   (You acquired it on level 2 of the Dungeon)

   Dex+2:     It affects your dexterity (+2).
   rC+:       It protects you from cold.
   Stlth+:    It makes you more stealthy.
 K - a +0 troll leather armour (melded)
Jewellery
 l - an amulet of faith (around neck)
 z - a ring of poison resistance (left branch)
Wands
 g - a wand of charming (10)
 B - a wand of warping (11)
 E - a wand of mindburst (17)
 H - a wand of flame (9)
 I - a wand of acid (9)
Scrolls
 d - 14 scrolls of identify
 e - 3 scrolls of immolation
 f - 3 scrolls of brand weapon {unknown}
 h - 5 scrolls of vulnerability
 i - 7 scrolls of poison {unknown}
 j - 4 scrolls of fog
 k - 5 scrolls of teleportation
 r - 4 scrolls of enchant armour {unknown}
 s - a scroll of enchant weapon {unknown}
 w - 2 scrolls of amnesia {unknown}
 x - 2 scrolls of noise {unknown}
 y - a scroll of revelation
 D - 3 scrolls of torment {unknown}
 G - 2 scrolls of fear {unknown}
Potions
 b - a potion of ambrosia
 m - 7 potions of cancellation
 n - 3 potions of heal wounds {unknown}
 o - 2 potions of might {unknown}
 p - 2 potions of attraction
 q - 2 potions of haste
 t - a potion of lignification
 u - a potion of brilliance {unknown}
 v - a potion of magic {unknown}
 A - a potion of curing
 F - 2 potions of enlightenment


   Skills:
 + Level 8.8 Fighting
 - Level 4.0 Armour
 - Level 5.4 Dodging
 * Level 14.0 Unarmed Combat
 + Level 5.0 Necromancy
 + Level 4.0 Air Magic
 + Level 4.3 Alchemy
 + Level 5.2 Evocations


You had 7 spell levels left.
You knew the following spells:

 Your Spells              Type           Power      Damage    Failure   Level
a - Cigotuvi's Dreadful   Necr/Alch/Air  10%        N/A       12%         2
b - Apportation           Tloc           0%         N/A       45%         1
c - Blink                 Tloc           0%         N/A       58%         2

Your spell library contained the following spells:

 Spells                   Type           Power      Damage    Failure   Level
 Necrotise                Necr           24%        1d5       6%          1
 Vampiric Draining        Necr           6%         2d6       19%         3
 Sting                    Conj/Alch      8%         1d3       21%         1
 Magic Dart               Conj           0%         1d3       45%         1
 Sandblast                Erth           0%         2d4       45%         1
 Slow                     Hex            0%         N/A       45%         1
 Summon Small Mammal      Summ           0%         N/A       45%         1
 Dispel Undead            Necr           6%         3d8       54%         4
 Call Imp                 Summ           0%         N/A       58%         2
 Confusing Touch          Hex            0%         N/A       83%         3
 Dazzling Flash           Conj/Hex       0%         N/A       83%         3
 Stone Arrow              Conj/Erth      0%         3d7       83%         3
 Martyr's Knell           Necr/Summ      3%         N/A       87%         4
 Leda's Liquefaction      Alch/Erth      1%         N/A       90%         4
 Petrify                  Alch/Erth      2%         N/A       90%         4
 Brom's Barrelling Bould  Conj/Erth      0%         2d3       99%         4
 Metabolic Englaciation   Hex/Ice        0%         N/A       100%        5
 Starburst                Conj/Fire      0%         6d3       100%        6
 Maxwell's Capacitive Co  Air            2%         ∞         100%        8


Dungeon Overview and Level Annotations

Branches:
Dungeon (10/15)            Temple (1/1) D:6            Lair (3/5) D:8
 Shoals (0/4) Lair:2        Snake (0/4) Lair:2        Sewer (visited)
  IceCv (1/1)
    Orc: D:9-12

Altars:
Ashenzari
Cheibriados
Dithmenos
Elyvilon
Fedhas
Gozag
Hepliaklqana
Kikubaaqudgha
Makhleb
Nemelex Xobeh
Okawaru
Qazlal
Ru
Sif Muna
Trog
Uskayaw
Vehumet
Wu Jian
Xom
Yredelemnul
Zin
The Shining One

Shops:
D:2 *   D:8 ?

Annotations:
D:6 1 runed translucent door, Arkalis's ghost, novice DsCK
Lair:3 Josephine


Innate Abilities, Weirdness & Mutations

You are a tree.
Your roots penetrate the ground, keeping you stationary.
You cannot be teleported.
You are immune to unholy pain and torment.
Your maximum health is greatly increased.
Your equipment is partially melded.
You are too large for most types of armour.
((You have claws for hands.))
Your natural rate of healing is unusually fast.
((You are covered in fur. (AC +1)))
((You have tough skin. (AC +1)))


Message History

You scratch the slime creature.
The slime creature is heavily wounded.
Your supernatural speed expires.
Unknown command.
You spin and attack the slime creature.
You mangle the slime creature!!
The slime creature is severely wounded.
The slime creature hits you!
Two slime creatures merge to form a large slime creature.
The slime creature moves out of view. x2
Unknown command.
Unknown command.
You mangle the slime creature!!
You kill the slime creature!
The Council accepts your kill.
Your Air Magic skill increases to level 4!
Unknown command.
You spin and attack the slime creature repeatedly.
You mangle the slime creature!!
The slime creature is moderately wounded.
You scratch the slime creature.
The slime creature is heavily wounded.
The slime creature hits you but does no damage.
Unknown command.
You mangle the slime creature!!
The slime creature is almost dead.
The slime creature hits you!! The large slime creature hits you!!
Unknown command.
A slime creature comes into view.
The large slime creature attacks as it pursues you!
The large slime creature hits you!!
* * * LOW HITPOINT WARNING * * *
Okay, then.
You turn into a tree.
The +1 cloak of Weirdness {rC+ Dex+2 Stlth+} melds into your body.
Your +0 troll leather armour melds into your body.
Your roots penetrate the ground.
Two slime creatures merge to form a large slime creature.
The slime creature hits you but does no damage.
The large slime creature hits you!!
You die...

#..#..##..## #..#
##.##..#...# #..#
#..#..##..####..#
#..##..#....##..#
##.##..##...##..##
#..#.)[#...##...#
#..##.[##..##...##
##..##.##..##....#
#...####..##.♣J.#
#
##...##...###.J.##
.J# ##..#....#
##.JJ#..J#
#.......#
#.......#
#......##
#......## ##.....#
##.....# ##...##
##...## ##### ####


You could see 2 large slime creatures and 2 slime creatures.

Vanquished Creatures
  Erica (D:8)
  6 death yaks (Lair:3)
  Amaemon (D:10)
  A deep troll (Lair:1)
  A deep elf pyromancer (D:10)
  An oklob plant (Lair:2)
  Maurice (D:7)
  A salamander (Lair:2)
  4 elephants (Lair:2)
  The ghost of LukeNinja the Chopper, a novice MDFi (D:5)
  Joseph (D:8)
  5 cane toads
  2 ice statues (IceCv)
  An orange demon (D:10)
  5 komodo dragons
  Jeremiah (D:6)
  2 rime drakes (Lair:2)
  Psyche (D:8)
  A troll (D:10)
  A hornet (D:7)
  2 polar bears (Lair:1)
  17 slime creatures (IceCv)
  A wraith (D:9)
  24 yaks
  A shadow (D:9)
  A wyvern (Lair:3)
  A basilisk (Lair:2)
  2 vampire mosquitoes (D:10)
  2 nagas (Lair:2)
  An acid dragon (D:9)
  4 water moccasins
  3 great orb of eyes simulacra (IceCv)
  4 orc warriors
  A black bear (D:8)
  2 ice beasts
  A sky beast (D:8)
  An ogre (D:6)
  4 wolves (Lair:3)
  3 centaurs
  2 slime creature simulacra (IceCv)
  2 phantoms
  2 brain worms (Sewer)
  4 kobold brigands
  6 bullfrogs
  2 glowing shapeshifter simulacra (IceCv)
  2 scorpions
  3 cane toad simulacra (Lair:3)
  25 wights
  4 killer bees
  An elephant simulacrum (Lair:3)
  4 howler monkeys
  2 bombardier beetles (D:6)
  3 jellies
  A gnoll bouda (D:9)
  3 orc priests
  2 hounds (D:7)
  Natasha (thrice) (D:2)
  7 orc wizards
  2 polar bear simulacra (Lair:3)
  2 shapeshifter simulacra (IceCv)
  23 gnolls
  16 adders
  4 river rats (Sewer)
  2 shadow imps
  2 ufetubi (D:5)
  2 ribbon worms
  10 dart slugs
  32 orcs
  9 ball pythons
  5 endoplasms
  2 giant cockroaches (D:2)
  10 goblins
  8 hobgoblins
  2 jackals (D:1)
  32 kobolds
  3 quokkas
  3 bats
  10 frilled lizards
  11 rats
  3 butterflies (Lair:1)
384 creatures vanquished.

Vanquished Creatures (collateral kills)
  A howler monkey (D:8)
  An orc (D:8)
2 creatures vanquished.

Grand Total: 386 creatures vanquished

Notes
Turn   | Place    | Note
-------+----------+-------------------------------------------
     0 | D:1      | bananaken the Troll Monk began the quest for the Orb.
     0 | D:1      | Reached XP level 1. HP: 22/22 MP: 0/0
   161 | D:1      | Reached XP level 2. HP: 29/29 MP: 1/1
   363 | D:1      | Found a faded altar of an unknown god.
   797 | D:2      | Reached XP level 3. HP: 36/36 MP: 2/2
   817 | D:2      | Found Selozxon's General Store.
   944 | D:2      | Reached skill level 4 in Unarmed Combat
  1078 | D:2      | Noticed Natasha
  1085 | D:2      | Killed Natasha
  1086 | D:2      | Reached XP level 4. HP: 40/44 MP: 3/3
  1242 | D:2      | Noticed Natasha
  1247 | D:2      | Killed Natasha
  1288 | D:2      | Noticed Natasha
  1294 | D:2      | Killed Natasha
  1295 | D:2      | Reached XP level 5. HP: 53/53 MP: 4/4
  1344 | D:3      | Found a sparkling altar of Nemelex Xobeh.
  1420 | D:3      | Reached skill level 5 in Unarmed Combat
  1428 | D:3      | Found a glowing drain.
  1435 | Sewer    | Entered a sewer
  1521 | Sewer    | Reached XP level 6. HP: 53/61 MP: 2/5
  2316 | D:4      | Reached skill level 6 in Unarmed Combat
  2688 | D:4      | Reached XP level 7. HP: 68/68 MP: 6/6
  3007 | D:5      | Entered Level 5 of the Dungeon
  3782 | D:5      | Reached skill level 7 in Unarmed Combat
  4288 | D:5      | Noticed LukeNinja's ghost (novice MDFi)
  4288 | D:5      | Noticed a yak
  4293 | D:5      | Found a runed translucent door.
  4443 | D:5      | Killed a yak
  4444 | D:5      | Reached XP level 8. HP: 69/79 MP: 7/7
  4451 | D:5      | Killed LukeNinja's ghost
  4452 | D:5      | Reached skill level 8 in Unarmed Combat
  4458 | D:5      | Identified the +5 morningstar "Qelair" {spect, Dex+3}
  4583 | D:6      | Reached skill level 5 in Fighting
  4583 | D:6      | Reached skill level 5 in Dodging
  4625 | D:6      | Noticed Jeremiah
  4662 | D:6      | Killed Jeremiah
  4765 | D:6      | Reached skill level 9 in Unarmed Combat
  4765 | D:6      | Reached XP level 9. HP: 39/84 MP: 8/8
  4867 | D:6      | Found a staircase to the Ecumenical Temple.
  4873 | Temple   | Entered the Ecumenical Temple
  4879 | Temple   | Became a worshipper of the Wu Jian Council
  4879 | Temple   | Reached * piety under Wu Jian
  4879 | Temple   | Reached ** piety under Wu Jian
  5031 | D:6      | Reached skill level 1 in Armour
  5159 | D:6      | Found a runed translucent door.
  5160 | D:6      | Noticed Arkalis's ghost (novice DsCK)
  5577 | D:7      | Noticed Maurice
  5583 | D:7      | Maurice stole 351 gold
  5590 | D:7      | Killed Maurice
  5591 | D:7      | Reached skill level 10 in Unarmed Combat
  5815 | D:7      | Reached skill level 1 in Evocations
  5894 | D:7      | Reached *** piety under Wu Jian
  5895 | D:7      | Reached XP level 10. HP: 97/100 MP: 9/9
  6200 | D:8      | Noticed Erica
  6210 | D:8      | Killed Erica
  6211 | D:8      | Reached skill level 11 in Unarmed Combat
  6401 | D:8      | Found a staircase to the Lair.
  6438 | D:8      | Reached **** piety under Wu Jian
  6553 | D:8      | Found an opulent altar of Gozag.
  6557 | D:8      | Learned a level 2 spell: Cigotuvi's Dreadful Rot
  6581 | D:8      | Found Cemoac's Magic Scroll Shop.
  6584 | D:8      | Bought a scroll of teleportation for 33 gold pieces
  6658 | D:8      | Noticed Joseph
  6662 | D:8      | Found a broken altar of Ashenzari.
  6695 | D:8      | Noticed Psyche
  6702 | D:8      | Killed Psyche
  6765 | D:8      | Found a basalt altar of Yredelemnul.
  7010 | D:9      | Reached skill level 1 in Necromancy
  7113 | D:9      | Reached skill level 1 in Alchemy
  7155 | D:9      | Reached skill level 1 in Air Magic
  7425 | D:9      | Reached ***** piety under Wu Jian
  7661 | D:10     | Entered Level 10 of the Dungeon
  7672 | D:10     | Noticed a deep elf pyromancer
  7684 | D:10     | Killed a deep elf pyromancer
  7685 | D:10     | Reached XP level 11. HP: 73/109 MP: 10/10
  7874 | D:10     | Found a shimmering blue altar of Sif Muna.
  8005 | D:10     | Reached skill level 12 in Unarmed Combat
  8170 | D:10     | Noticed Amaemon
  8182 | D:10     | Killed Amaemon
  8467 | D:10     | Found a snail-covered altar of Cheibriados.
  8662 | D:8      | Killed Joseph
  8680 | D:8      | Bought a scroll of acquirement for 572 gold pieces
  8680 | D:8      | Acquired 1144 gold pieces
  8817 | D:2      | Bought a scroll of acquirement for 572 gold pieces
  8817 | D:2      | Acquired the +1 cloak of Weirdness {rC+ Dex+2 Stlth+}
  8959 | D:8      | Bought a scroll of vulnerability for 44 gold pieces
  8959 | D:8      | Bought a scroll of teleportation for 33 gold pieces
  8959 | D:8      | Bought a scroll of fog for 44 gold pieces
  8980 | Lair:1   | Entered Level 1 of the Lair of Beasts
  9609 | Lair:1   | Learned a level 1 spell: Apportation
  9612 | Lair:1   | Learned a level 2 spell: Blink
  9824 | Lair:1   | Noticed a deep troll
  9835 | Lair:1   | Killed a deep troll
 10270 | Lair:2   | Reached XP level 12. HP: 112/119 MP: 11/11
 10282 | Lair:2   | Found a staircase to the Snake Pit.
 10296 | Lair:2   | Reached skill level 13 in Unarmed Combat
 10331 | Lair:2   | Found a staircase to the Shoals.
 10398 | Lair:2   | Identified the +4 short sword of Miridiu {speed, ^Contam
                  | Will+ Stlth+}
 11195 | Lair:3   | Noticed a death yak
 11195 | Lair:3   | Noticed a death yak
 11197 | Lair:3   | Noticed a death yak
 11197 | Lair:3   | Noticed a death yak
 11197 | Lair:3   | Noticed a death yak
 11198 | Lair:3   | Noticed a death yak
 11199 | Lair:3   | Killed a death yak
 11205 | Lair:3   | Killed a death yak
 11221 | Lair:3   | Killed a death yak
 11226 | Lair:3   | Killed a death yak
 11226 | Lair:3   | Killed a death yak
 11234 | Lair:3   | Killed a death yak
 11300 | Lair:3   | Noticed a catoblepas
 11304 | Lair:3   | Noticed Josephine
 11333 | Lair:3   | Identified the +1 robe "Tuemyqai" {+Inv rElec rC- rN+}
 11342 | Lair:3   | Found a frozen archway.
 11356 | Lair:3   | Reached skill level 5 in Evocations
 11370 | IceCv    | Entered an ice cave
 11504 | IceCv    | Identified the +3 buckler "Torabo" {rElec Dex+5}
 11622 | IceCv    | Reached ****** piety under Wu Jian
 11703 | IceCv    | Reached skill level 14 in Unarmed Combat
 11727 | IceCv    | Reached XP level 13. HP: 128/128 MP: 12/12
 11745 | IceCv    | Reached skill level 5 in Necromancy
 11761 | IceCv    | Slain by a large slime creature

Illustrated notes

Levels and vault maps discovered:
D:1:      dpeg_arrival_snail, layout_basic,
          dreamdust_ecumenical_altar_angels_and_demons
D:2:      layout_rooms, serial_shops, shop, uniq_natasha
D:3:      layout_basic, nemelex_diamond_rough_becter, lightli_sewer_entry_pipes,
          minmay_statues_item
D:4:      layout_cave_pods, grunt_decor_arrowhead
D:5:      kennysheep_slugbush, layout_layer_cave, ebering_ghost_inner_flame
D:6:      layout_loops_ring, temple_green, ebering_ghost_reflecting_pool,
          uniq_jeremiah
D:7:      layout_rooms, corexii_leaking_fountain, uniq_maurice
D:8:      hangedman_cross_stitches, layout_cave_pools, old_standard_altar,
          nicolae_ashenzari_skybound,
          nicolae_gozag_cash_rules_everything_around_me, serial_shops,
          kennysheep_mini_moat, uniq_joseph, uniq_psyche, uniq_erica
D:9:      kennysheep_kobold_camp, layout_basic
D:10:     layout_roguey, cheibrodos_worm_habitat, serial_library,
          serial_library_hellmonk_open_square, serial_library_hellmonk_junction,
          serial_library_hellmonk_reading_circle,
          serial_library_hellmonk_statue_hall,
          serial_library_hellmonk_small_alcove,
          serial_library_hellmonk_hallway_a, serial_library_hellmonk_room_c,
          minmay_misc_feat_hallway, uniq_amaemon
Temple:   sentei_temple_godly_chess
Lair:1:   dreamdust_cave_troll, layout_small_grid, serial_rivers,
          chequers_serial_rivers_small_3, chequers_serial_rivers_small_b,
          chequers_serial_rivers_marsh, chequers_serial_rivers_micro_c,
          chequers_serial_rivers_large_b, infiniplex_staircase_pool_2,
          lemuel_fruit_fields
Lair:2:   layout_gridlike, shoals_dummy_entry, alex1729_snake_entry_snake
Lair:3:   layout_chaotic_city, portal_ice_cave_entry_ice_simulacra,
          gammafunk_lair_bear_cave, grunt_megastairs_1, uniq_josephine
IceCv:    ice_cave_hellmonk_azure_passage

Skill      XL: |  1  2  3  4  5  6  7  8  9 10 11 12 13 |
---------------+----------------------------------------+-----
Unarmed Combat | 4 5 6 7 9 10 11 12 14 | 14.0
Dodging        | 3 4 5 |  5.4
Fighting       | 3 4 5 6 7 8 |  8.8
Armour         | 3 4 |  4.0
Evocations     | 1 3 4 5 |  5.2
Necromancy     | 1 3 4 5 |  5.0
Alchemy        | 1 3 4 |  4.3
Air Magic      | 1 2 3 4 |  4.0

Action                     |  1- 3 |  4- 6 |  7- 9 | 10-12 | 13-15 || total
---------------------------+-------+-------+-------+-------+-------++-------
  Melee: Unarmed           |    75 |   107 |   234 |   619 |    27 ||  1062
   Cast: Cigotuvi's Dreadf |       |       |       |     2 |       ||     2
 Invoke: Serpent's Lash    |       |       |       |     3 |     1 ||     4
Ability: Lunge             |       |       |    10 |    50 |     3 ||    63
         Whirlwind         |       |       |     5 |    83 |     6 ||    94
         Wall Jump         |       |       |     1 |     2 |       ||     3
  Evoke: Wand              |       |       |       |    15 |       ||    15
    Use: Scroll            |       |     1 |     1 |     5 |       ||     7
         Potion            |       |       |     9 |     3 |     1 ||    13
 Armour: Robe              |    46 |    52 |   151 |   183 |       ||   432
         Skin              |       |       |    14 |    19 |     2 ||    35
         Troll leather arm |       |       |       |   137 |    13 ||   150
  Dodge: Dodged            |    28 |    42 |    88 |   187 |     3 ||   348

Table legend: (Time is in decaauts)
 A = Elapsed time spent in this place.
 B = Non-inter-level travel time spent in this place.
 C = Inter-level travel time spent in this place.
 D = Time resting spent in this place.
 E = Time spent auto-exploring this place.
 F = Levels seen in this place.
 G = Mean time per level.
                   A        B        C        D        E       F      G
               +--------+--------+--------+--------+--------+-----+--------+
         Total |  11631 |  10878 |    753 |    624 |   7876 |  16 |  726.9 |
       Dungeon |   8524 |   7841 |    683 |    409 |   5838 |  10 |  852.4 |
        Temple |     12 |     12 |      0 |      0 |      0 |   1 |   12.0 |
          Lair |   2359 |   2290 |     69 |    119 |   1692 |   3 |  786.3 |
         Sewer |    368 |    368 |      0 |      3 |    257 |   1 |  368.0 |
      Ice Cave |    366 |    366 |      0 |     92 |     89 |   1 |  366.0 |
               +--------+--------+--------+--------+--------+-----+--------+

Top non-repeatable levels by time:
     D:5: 1539 daAuts
  Lair:1: 1126 daAuts
     D:6: 991 daAuts
    D:10: 907 daAuts
     D:8: 898 daAuts
  Lair:2: 862 daAuts
     D:4: 846 daAuts
     D:1: 763 daAuts
     D:9: 733 daAuts
     D:7: 714 daAuts
     D:2: 568 daAuts
     D:3: 562 daAuts
  Lair:3: 370 daAuts
   Sewer: 368 daAuts
   IceCv: 366 daAuts
